 Dungeon Crawl Stone Soup version 0.31.0-1-g2c135a008e (webtiles) character file.

Game seed: 10157642338977840896

205365 qw the Marksdjinni (level 19, -1/141 HPs)
             Began as a Djinni Hunter on Jan 23, 2024.
             Was a High Priest of Okawaru.
             Slain by an ironbound thunderhulk
             ... wielding a +0 dire flail
              (35 damage)
             ... on level 1 of the Vaults.
             The game lasted 00:05:39 (28645 turns).

qw the Marksdjinni (Djinni Hunter)                 Turns: 28645, Time: 00:05:40

Health: -1/141     AC: 14    Str:  8    XL:     19   Next: 39%
Gold:   160        EV: 33    Int: 13    God:    Okawaru [*****.] SH:  0 Dex: 32

rFire   + + .        i - +1 longbow (elec)
rCold   + . .        (shield currently unavailable)
rNeg    + + +        h - +5 leather armour "Gippiceu" {rC+++ Will- Regen+ Str-2}
rPois   inf          z - +0 helmet of the Fiend {Regen+ rCorr Str+3 Slay+3}
rElec   +            q - +2 cloak {rPois}
rCorr   +            e - +0 pair of fencer's gloves {Riposte Dex+3}
SInv    .            (boots unavailable)
Will    +....        k - amulet of faith
Stlth   ++           D - ring of Greed {+Blink rElec rN+ Str-3 Dex+6}
HPRegen 2.03/turn    w - ring "Fodus" {+Blink rC- rN++ Will+ Slay+5}
MPRegen 0.00/turn

%: faith, infuse magic (-2 HP)
@: about to teleport, finesse-ful, flying
A: sickness immunity, fire resistance 2, cold vulnerability 1, float, innate
caster, HP casting, extra vitality 1
}: 1/15 runes: serpentine
a: Renounce Religion, Evoke Blink, Heroism, Finesse, Duel


You were on level 1 of the Vaults.
You worshipped Okawaru.
Okawaru was extremely pleased with you.
You visited 6 branches of the dungeon, and saw 30 of its levels.
You visited 1 bazaar.

You collected 3731 gold pieces.
You spent 3571 gold pieces at shops.


Innate Abilities, Weirdness & Mutations

You are immune to sickness and miasma.
You are immune to poison.
Your flesh is very heat resistant. (rF++)
You are vulnerable to cold. (rC-)
You float through the air rather than walking.
You learn spells naturally, not from books.
Your magical power is your life essence.
You have superior vitality. (+4 MHP)


   Skills:
 + Level 14.4 Fighting
 - Level 19.0 Ranged Weapons
 - Level 6.1 Armour
 - Level 19.0 Dodging
 - Level 0.7 Stealth
 - Level 10.0 Invocations


You knew the following spells:

 Your Spells              Type           Power      Damage    Failure   Level
a - Foxfire               Conj/Fire      0%         2x1d4     38%         1
b - Momentum Strike       Conj/Tloc      0%         3d8       54%         2
c - Summon Ice Beast      Ice/Summ       0%         N/A       77%         3
d - Olgreb's Toxic Radia  Alch           0%         N/A       99%         4
e - Cause Fear            Hex            0%         N/A       99%         4
f - Fireball              Conj/Fire      0%         3d3       100%        5
g - Death Channel         Necr           0%         N/A       100%        6
h - Dispersal             Tloc           0%         N/A       100%        6
i - Enfeeble              Hex            0%         N/A       100%        7
Your spell library was empty.

Inventory:

Hand Weapons
 i - a +1 longbow of electrocution (weapon)
Armour
 e - the +0 pair of fencer's gloves (worn) {Riposte Dex+3}
   (Okawaru gifted it to you on level 12 of the Dungeon)

   Riposte:   It allows the wearer to riposte with melee weapons, swiftly
   retaliating against missed or blocked melee attacks.
   Dex+3:     It affects your dexterity (+3).
 h - the +5 leather armour "Gippiceu" (worn) {rC+++ Will- Regen+ Str-2}
   (You found it on level 2 of the Dungeon)

   Str-2:     It affects your strength (-2).
   rC+++:     It renders you almost immune to cold.
   Will-:     It decreases your willpower.
   Regen+:    It increases your rate of health regeneration.
 o - a scarf of resistance
 q - a +2 cloak of poison resistance (worn)
 z - the +0 helmet of the Fiend (worn) {Regen+ rCorr Str+3 Slay+3}
   (You found it on level 1 of the Snake Pit)

   Str+3:     It affects your strength (+3).
   Slay+3:    It affects your accuracy & damage with ranged weapons and melee
   (+3).
   Regen+:    It increases your rate of health regeneration.
   rCorr:     It protects you from acid and corrosion.
Jewellery
 c - a ring of protection from fire
 k - an amulet of faith (around neck)
 w - the ring "Fodus" (right hand) {+Blink rC- rN++ Will+ Slay+5}
   (You bought it in a shop on level 1 of the Shoals)

   [ring of willpower]

   Slay+5:    It affects your accuracy & damage with ranged weapons and melee
   (+5).
   rC-:       It makes you vulnerable to cold.
   rN++:      It greatly protects you from negative energy.
   Will+:     It increases your willpower.
   +Blink:    It lets you blink.
 C - the ring of Gaily {rF- rC++ rN+ rCorr SInv}
   (You bought it in a shop on level 1 of the Shoals)

   [ring of positive energy]

   rF-:       It makes you vulnerable to fire.
   rC++:      It greatly protects you from cold.
   rN+:       It protects you from negative energy.
   SInv:      It lets you see invisible.
   rCorr:     It protects you from acid and corrosion.
 D - the ring of Greed (left hand) {+Blink rElec rN+ Str-3 Dex+6}
   (You bought it in a shop on level 1 of the Shoals)

   [ring of dexterity]

   Str-3:     It affects your strength (-3).
   Dex+6:     It affects your dexterity (+6).
   rElec:     It insulates you from electricity.
   rN+:       It protects you from negative energy.
   +Blink:    It lets you blink.
 Y - a +6 ring of dexterity
Wands
 a - a wand of polymorph (11)
 d - a wand of digging (12)
 x - a wand of iceblast (10)
 B - a wand of quicksilver (2)
Scrolls
 m - 18 scrolls of identify
 p - 13 scrolls of teleportation
Potions
 f - 3 potions of cancellation
 g - 2 potions of enlightenment
 j - 7 potions of mutation
 n - 8 potions of curing
 r - a potion of resistance
 v - 3 potions of might

Dungeon Overview and Level Annotations

Branches:
Dungeon (15/15)            Temple (0/1) D:5            Lair (5/5) D:11
 Shoals (3/4) Lair:2        Snake (4/4) Lair:3        Slime (0/5) Lair:4
    Orc (2/2) D:10            Elf (0/3) Orc:2        Vaults (1/5) D:13
 Depths (0/4) D:15

Altars:
Ashenzari
Gozag
Makhleb
Nemelex Xobeh
Okawaru
Qazlal
Uskayaw
Wu Jian
Zin
The Shining One
Lugonu

Shops:
D:1 *   D:4 (   Orc:1 (((   Orc:2 [?[   Shoals:1 =   Snake:2 (   Snake:3 [

Portals:
Abyss: Lair:5

Annotations:
D:4 1 transporter, qw's ghost, novice GrHu
D:6 3 runed translucent doors, qw's ghost, novice GrHu
D:8 3 runed translucent doors, qw's ghost, novice DjHu
Lair:3 2 transporters, qw's ghost, journeyman GrHu
Lair:4 2 transporters, qw's ghost, journeyman GrHu
Orc:1 1 transporter


Message History

You shoot an arrow. The arrow hits the vault warden!
The vault warden is heavily wounded.
You kill the ironbound preserver!
Okawaru accepts your kill.
A deep troll comes into view.
The deep troll closely misses you. The deep troll barely misses you.
The deep troll claws you. The deep troll completely misses you.
The deep troll barely misses you. The deep troll misses you.
The vault warden completely misses you.
You shoot an arrow.
The arrow closely misses the vault warden.
You shoot an arrow. The arrow hits the vault warden.
The vault warden is heavily wounded.
You shoot an arrow. The arrow hits the vault warden!!!
You kill the vault warden!
Okawaru accepts your kill.
The runic seals fade away.
The deep troll closely misses you. x2; The deep troll claws you!
The deep troll completely misses you. x3
The ironbound thunderhulk hits you with a +0 dire flail!
28642 ||| READING 14 scrolls of teleportation.
As you read the scroll of teleportation, it crumbles to dust.
You feel strangely unstable. The deep troll bites you.
The deep troll completely misses you. x4
The deep troll claws you but does no damage.
28643 ||| DRINKING potion of heal wounds.
You feel much better.
The ironbound thunderhulk barely misses you.
The deep troll bites you! The deep troll misses you.
The deep troll closely misses you. The deep troll completely misses you.
The deep troll claws you. The deep troll completely misses you.
You shoot an arrow.
The arrow hits the ironbound thunderhulk!!
The ironbound thunderhulk is heavily wounded.
You shoot an arrow.
The arrow hits the ironbound thunderhulk!!
The ironbound thunderhulk is almost dead.
The deep troll completely misses you. x3
The ironbound thunderhulk hits you with a +0 dire flail!!
You die...

####### .......
,.......
#+#####.......
#.....#.......
#...).#.......
##....##O......
#..\..+@T......
#....##T)......
+....+....)....,
..######..:.T....
.................,
.................,
#######+#########
..# #..#


You could see an ironbound thunderhulk and 3 deep trolls.

Vanquished Creatures
  Rupert (Lair:5)
  Agnes (D:15)
  21 nagarajas
  Ilsuiw (Shoals:3)
  3 vault wardens (Vaults:1)
  2 ironbound preservers
  Snorg (D:14)
  2 merfolk javelineers (Shoals:2)
  4 merfolk impalers
  Josephine (D:10)
  4 vault guards (D:13)
  A great orb of eyes (Vaults:1)
  2 salamander tyrants
  3 ogre magi (Orc:2)
  2 hydras
  2 sphinx zombies (D:15)
  3 centaur warriors
  A merfolk aquamancer (Shoals:2)
  4 anacondas
  13 naga warriors
  2 satyrs (Shoals:2)
  2 boulder beetles
  2 tengu warriors (D:15)
  14 two-headed ogres
  A vampire mage (D:15)
  8 shock serpents
  14 naga sharpshooters
  3 thrashing horrors (Lair:5)
  Nergalle (D:10)
  Amaemon (Lair:1)
  5 skeletal warriors
  6 skysharks
  A sea snake (Shoals:2)
  10 mana vipers
  4 salamander mystics
  Lodul (D:14)
  6 naga ritualists
  A large abomination (Lair:5)
  6 deep trolls
  An ironbound convoker (Vaults:1)
  3 deep elf pyromancers
  5 harpies (Shoals:2)
  8 orc knights
  An orc sorcerer (Orc:2)
  A necromancer (D:15)
  An oklob plant (D:11)
  10 fauns
  17 ugly things
  9 salamanders
  Maurice (D:8)
  5 cyclopes
  8 elephants
  6 merfolk sirens
  4 guardian serpents
  9 manticores
  7 kobold blastminers
  3 meliai (D:14)
  14 naga magi
  Joseph (D:8)
  8 slime creatures
  28 black mambas
  A gargoyle (D:13)
  An orange demon (Lair:1)
  9 cane toads
  A smoke demon (Lair:5)
  4 unseen horrors
  5 rime drakes
  An efreet (D:13)
  9 komodo dragons
  A freezing wraith (D:14)
  15 merfolk
  4 polar bears
  4 trolls
  A wind drake (Shoals:3)
  3 dream sheep (Shoals:3)
  A raiju (Lair:5)
  37 blink frogs
  9 snapping turtles
  A spriggan zombie (D:15)
  A centaur simulacrum (D:15)
  A ynoxinul (Lair:5)
  4 wyverns
  2 vampires
  3 water elementals
  6 wraiths
  3 basilisks
  Grum (D:8)
  10 wargs
  37 yaks
  3 vampire mosquitoes (D:13)
  4 chaos spawn (Lair:5)
  51 nagas
  2 acid dragons (D:12)
  12 water moccasins
  23 orc warriors
  4 laughing skulls (D:15)
  4 ice beasts
  2 black bears
  19 ogres
  9 centaurs
  21 wolves
  4 phantoms
  A kobold brigand (D:10)
  11 bullfrogs
  A gnoll sergeant (D:11)
  3 scorpions (D:4)
  11 small abominations (Lair:5)
  6 wights
  11 killer bees
  4 howler monkeys
  3 electric eels
  A crimson imp (D:3)
  A bombardier beetle (D:4)
  10 orc priests
  5 hounds
  5 jellies
  A sleepcap (D:7)
  5 iguanas
  24 orc wizards
  10 gnolls
  14 adders
  A white imp (D:8)
  4 ufetubi
  A dart slug (D:1)
  2 ribbon worms (D:2)
  81 orcs
  5 endoplasms
  6 giant cockroaches
  5 goblins
  9 hobgoblins
  6 jackals
  11 kobolds
  4 quokkas
  5 ball pythons
  3 bats (D:2)
  2 frilled lizards
  7 rats
922 creatures vanquished.

Vanquished Creatures (others)
  A slime creature (D:13)
  A steam dragon (D:10)
  An orc (Orc:2)
3 creatures vanquished.

Grand Total: 925 creatures vanquished

Notes
Turn   | Place    | Note
-------+----------+-------------------------------------------
     0 | D:1      | qw the Djinni Hunter began the quest for the Orb.
     0 | D:1      | Reached XP level 1. HP: 18/18 MP: 0/0
     0 | D:1      | 0 ||| qw: Version: 0.3-a-136-gdd3b4e8
     0 | D:1      | 0 ||| qw: Game counter: 1124
     0 | D:1      | 0 ||| qw: Melee chars always use a shield: true
     0 | D:1      | 0 ||| qw: God list: Okawaru
     0 | D:1      | 0 ||| qw: Allow faded altars: false
     0 | D:1      | 0 ||| qw: Do Orc after clearing Dungeon:15 true
     0 | D:1      | 0 ||| qw: Do second Lair branch before Depths: true
     0 | D:1      | 0 ||| qw: Lair rune preference: random
     0 | D:1      | 0 ||| qw: Goals: Normal
     0 | D:1      | 0 ||| PLANNING D:1-11
   117 | D:1      | Found Uhiup's Assorted Antiques.
   125 | D:1      | 125 ||| BUYING orange potion (23 gold).
   125 | D:1      | Bought an orange potion for 23 gold pieces
   125 | D:1      | 125 ||| SHOPLISTING orange potion (23 gold, have 6).
   125 | D:1      | 125 ||| SHOPLISTING ring mail (104 gold, have 6).
   125 | D:1      | 125 ||| SHOPLISTING runed bone ring (130 gold, have 6).
   125 | D:1      | 125 ||| SHOPLISTING scroll labelled COITZE QERUFA (26 gold,
                  | have 6).
   125 | D:1      | 125 ||| SHOPLISTING scroll labelled NEVUAT JECASI (26 gold,
                  | have 6).
   125 | D:1      | 125 ||| SHOPLISTING scroll labelled VUZYIM SINTIA (26 gold,
                  | have 6).
   175 | D:1      | Reached XP level 2. HP: 12/23 MP: 0/0
   666 | D:1      | 666 ||| UPGRADING to ring of see invisible.
   667 | D:1      | 667 ||| READING scroll labelled YCSEOJ CENWAWN.
   672 | D:1      | 672 ||| DROPPING scroll of butterflies.
   757 | D:2      | Reached XP level 3. HP: 28/28 MP: 0/0
   757 | D:2      | Learned a level 1 spell: Foxfire
   830 | D:2      | Identified the +5 leather armour "Gippiceu" {rC+++ Will-
                  | Regen+ Str-2}
  1048 | D:2      | Reached skill level 3 in Fighting
  1048 | D:2      | Reached XP level 4. HP: 31/35 MP: 0/0
  1295 | D:2      | 1295 ||| UPGRADING to +5 leather armour "Gippiceu" {rC+++
                  | Will- Regen+ Str-2}.
  1305 | D:2      | 1305 ||| DROPPING +0 leather armour.
  1306 | D:2      | 1306 ||| READING scroll labelled NEVUAT JECASI.
  1306 | D:2      | 1306 ||| IDENTIFYING brown potion
  1307 | D:2      | 1307 ||| READING scroll labelled BAECIPT PUFAGI.
  1322 | D:2      | 1322 ||| READING scroll labelled ZOJADE WILIEPN.
  1323 | D:2      | 1323 ||| DRINKING 2 fizzy pink potions.
  1324 | D:2      | 1324 ||| DROPPING potion of berserk rage.
  1415 | D:3      | Found a faded altar of an unknown god.
  1547 | D:3      | Found a glowing silver altar of Zin.
  1547 | D:3      | Found an opulent altar of Gozag.
  1596 | D:3      | Reached skill level 3 in Dodging
  1701 | D:3      | Found a broken altar of Ashenzari.
  2130 | D:3      | Found a burning altar of Makhleb.
  2155 | D:3      | Reached XP level 5. HP: 40/40 MP: 0/0
  2155 | D:3      | Learned a level 2 spell: Momentum Strike
  2238 | D:3      | 2238 ||| UPGRADING to ring of positive energy.
  2239 | D:3      | 2239 ||| READING scroll labelled COITZE QERUFA.
  2391 | D:4      | Found Iskat's Antique Weapon Shoppe.
  2491 | D:4      | Reached XP level 6. HP: 39/46 MP: 0/0
  2556 | D:4      | Noticed a black bear
  2560 | D:4      | 2560 ||| ZAPPING wand of flame (7) at 0,2 (black bear;
                  | floor).
  2561 | D:4      | 2561 ||| ZAPPING wand of flame (6) at 0,2 (black bear;
                  | floor).
  2562 | D:4      | 2562 ||| RETREEEEATING.
  2563 | D:4      | 2563 ||| ZAPPING wand of flame (5) at 0,1 (black bear;
                  | floor).
  2564 | D:4      | 2564 ||| ZAPPING wand of flame (4) at 0,1 (black bear;
                  | floor).
  2565 | D:4      | 2565 ||| ZAPPING wand of flame (3) at 0,1 (black bear;
                  | floor).
  2566 | D:4      | 2566 ||| ZAPPING wand of flame (2) at 0,1 (black bear;
                  | floor).
  2566 | D:4      | Killed a black bear
  2709 | D:4      | Reached XP level 7. HP: 46/53 MP: 0/0
  2709 | D:4      | Learned a level 3 spell: Summon Ice Beast
  2899 | D:4      | Noticed qw's ghost (novice GrHu)
  2899 | D:4      | Identified the +6 great mace of Fuzzy Duty {freeze, Str+3}
  2900 | D:4      | Found a transporter.
  2942 | D:4      | Reached skill level 6 in Ranged Weapons
  3049 | D:4      | Reached XP level 8. HP: 45/58 MP: 0/0
  3346 | D:4      | 3346 ||| UPGRADING to scarf of resistance.
  3351 | D:4      | 3351 ||| READING scroll labelled OCIXEOGYCO.
  3351 | D:4      | Identified a scroll of acquirement
  3351 | D:4      | 3351 ||| ACQUIRING +3 shortbow of Hard Scrabble {speed,
                  | *Corrode Int+8 SInv}
  3351 | D:4      | Acquired the +3 shortbow of Hard Scrabble {speed, *Corrode
                  | Int+8 SInv}
  3353 | D:4      | 3353 ||| SWAPPING to +3 shortbow of Hard Scrabble {speed,
                  | *Corrode Int+8 SInv}.
  3354 | D:4      | 3354 ||| REMOVING ring of see invisible.
  3355 | D:4      | 3355 ||| DROPPING +0 shortbow.
  3356 | D:4      | 3356 ||| READING scroll labelled CAULIG ERETOORPH.
  3481 | D:5      | Entered Level 5 of the Dungeon
  3482 | D:5      | Found a glowing golden altar of the Shining One.
  3484 | D:5      | Found an iron altar of Okawaru.
  3485 | D:5      | 3485 ||| PLANNING OKAWARU WORSHIP
  3498 | D:5      | Became a worshipper of Warmaster Okawaru
  3499 | D:5      | 3499 ||| PLANNING D:1-11
  3740 | D:5      | Noticed a +0 dagger
  3741 | D:5      | Found a hide-covered altar of Uskayaw.
  3741 | D:5      | Noticed a +0 dagger
  3795 | D:5      | Reached skill level 1 in Armour
  3813 | D:5      | Found a staircase to the Ecumenical Temple.
  3827 | D:5      | Reached * piety under Okawaru
  4045 | D:5      | 4045 ||| READING scroll of identify.
  4045 | D:5      | 4045 ||| IDENTIFYING green potion
  4046 | D:5      | 4046 ||| READING scroll labelled WUIT ZEICHOMU.
  4047 | D:5      | 4047 ||| READING scroll labelled TEDYNE PYULUOM.
  4048 | D:5      | 4048 ||| DRINKING 2 orange potions.
  4049 | D:5      | 4049 ||| DROPPING potion of degeneration.
  4082 | D:6      | Reached skill level 1 in Invocations
  4156 | D:6      | Found a runed translucent gate.
  4158 | D:6      | Found a runed translucent gate.
  4218 | D:6      | Found a runed translucent gate.
  4220 | D:6      | Noticed qw's ghost (novice GrHu)
  4323 | D:6      | Reached XP level 9. HP: 56/65 MP: 0/0
  4323 | D:6      | Learned a level 4 spell: Olgreb's Toxic Radiance
  4404 | D:6      | Reached skill level 3 in Invocations
  4599 | D:6      | 4599 ||| UPGRADING to +0 helmet.
  4604 | D:6      | 4604 ||| READING scroll of enchant armour.
  4604 | D:6      | 4604 ||| ENCHANTING +0 helmet.
  4605 | D:6      | 4605 ||| UPGRADING to ring of resist corrosion.
  4606 | D:6      | 4606 ||| READING scroll labelled VUZYIM SINTIA.
  4607 | D:6      | 4607 ||| READING scroll labelled LUCOUR YKIDES.
  4608 | D:6      | 4608 ||| DROPPING wand of flame (1).
  4614 | D:7      | 4614 ||| STAIRDANCE
  4631 | D:7      | 4631 ||| STAIRDANCE
  4643 | D:7      | 4643 ||| STAIRDANCE
  4696 | D:7      | Identified the +9 sling of the Harvest {heavy, rC+}
  4710 | D:7      | 4710 ||| RETREEEEATING.
  4713 | D:7      | 4713 ||| RETREEEEATING.
  4714 | D:7      | 4714 ||| RETREEEEATING.
  4715 | D:7      | 4715 ||| RETREEEEATING.
  4716 | D:7      | 4716 ||| RETREEEEATING.
  4717 | D:7      | 4717 ||| RETREEEEATING.
  4719 | D:7      | 4719 ||| INVOKING Heroism.
  4776 | D:7      | Reached ** piety under Okawaru
  4805 | D:7      | Reached skill level 6 in Dodging
  5014 | D:7      | Reached skill level 6 in Fighting
  5026 | D:7      | 5026 ||| RETREEEEATING.
  5027 | D:7      | 5027 ||| RETREEEEATING.
  5028 | D:7      | 5028 ||| RETREEEEATING.
  5029 | D:7      | 5029 ||| RETREEEEATING.
  5030 | D:7      | 5030 ||| RETREEEEATING.
  5039 | D:7      | 5039 ||| RETREEEEATING.
  5051 | D:7      | Reached XP level 10. HP: 72/72 MP: 0/0
  5245 | D:7      | 5245 ||| UPGRADING to +2 pair of gloves of strength.
  5250 | D:7      | 5250 ||| READING scroll of identify.
  5250 | D:7      | 5250 ||| IDENTIFYING bubbling pink potion
  5251 | D:7      | 5251 ||| READING scroll labelled WOLLIA NEODGH.
  5277 | D:8      | Noticed Joseph
  5278 | D:8      | 5278 ||| INVOKING Heroism.
  5297 | D:8      | Killed Joseph
  5298 | D:8      | Reached skill level 3 in Armour
  5315 | D:8      | Noticed Maurice
  5315 | D:8      | Found a stormy altar of Qazlal.
  5316 | D:8      | 5316 ||| INVOKING Heroism.
  5327 | D:8      | Maurice stole the +9 sling of the Harvest {heavy, rC+}
  5337 | D:8      | Killed Maurice
  5337 | D:8      | Reached *** piety under Okawaru
  5338 | D:8      | Reached skill level 9 in Ranged Weapons
  5531 | D:8      | Found a runed translucent gate.
  5531 | D:8      | Noticed an 11-headed hydra
  5532 | D:8      | Found a runed translucent gate.
  5532 | D:8      | Noticed a nine-headed hydra
  5532 | D:8      | Noticed qw's ghost (novice DjHu)
  5533 | D:8      | Found a runed translucent gate.
  5551 | D:8      | 5551 ||| RETREEEEATING.
  5615 | D:8      | 5615 ||| DROPPING +9 sling of the Harvest {heavy, rC+}.
  5826 | D:8      | 5826 ||| READING scroll of enchant armour.
  5826 | D:8      | 5826 ||| ENCHANTING +1 helmet.
  5981 | D:8      | Noticed Grum
  5982 | D:8      | 5982 ||| RETREEEEATING.
  5990 | D:8      | Reached **** piety under Okawaru
  6004 | D:8      | Killed Grum
  6381 | D:8      | 6381 ||| UPGRADING to +0 cloak.
  6391 | D:8      | 6391 ||| UPGRADING to +6 ring of dexterity.
  6393 | D:8      | 6393 ||| UPGRADING to ring of resist corrosion.
  6395 | D:8      | 6395 ||| READING scroll of identify.
  6395 | D:8      | 6395 ||| IDENTIFYING bubbling inky potion
  6396 | D:8      | 6396 ||| READING scroll labelled UMUCOGA JYSH.
  6396 | D:8      | 6396 ||| ENCHANTING +0 orcbow.
  6491 | D:9      | 6491 ||| RETREEEEATING.
  6492 | D:9      | 6492 ||| RETREEEEATING.
  6493 | D:9      | 6493 ||| RETREEEEATING.
  6494 | D:9      | 6494 ||| RETREEEEATING.
  6730 | D:9      | Found a sparkling altar of Nemelex Xobeh.
  6805 | D:9      | Reached XP level 11. HP: 79/79 MP: 0/0
  6805 | D:9      | Learned a level 4 spell: Cause Fear
  6811 | D:9      | 6811 ||| DRINKING potion of curing.
  6811 | D:9      | 6811 ||| (to cure confusion)
  7081 | D:9      | Reached ***** piety under Okawaru
  7246 | D:9      | Found an ornate altar of the Wu Jian Council.
  7380 | D:9      | 7380 ||| READING scroll of identify.
  7380 | D:9      | 7380 ||| IDENTIFYING dark potion
  7381 | D:9      | 7381 ||| DRINKING 2 metallic sapphire potions.
  7387 | D:9      | 7387 ||| DROPPING potion of ambrosia.
  7408 | D:10     | Entered Level 10 of the Dungeon
  7408 | D:10     | Noticed a manticore
  7409 | D:10     | 7409 ||| STAIRDANCE
  7413 | D:10     | 7413 ||| STAIRDANCE
  7425 | D:9      | Reached skill level 6 in Invocations
  7433 | D:10     | 7433 ||| INVOKING Finesse.
  7448 | D:10     | Killed a manticore
  7463 | D:10     | Found a staircase to the Orcish Mines.
  7501 | D:10     | Noticed a two-headed ogre
  7502 | D:10     | 7502 ||| ZAPPING wand of quicksilver (4) at 6,-3
                  | (two-headed ogre; floor).
  7503 | D:10     | 7503 ||| ZAPPING wand of quicksilver (3) at 5,-2
                  | (two-headed ogre; floor).
  7504 | D:10     | 7504 ||| ZAPPING wand of quicksilver (2) at 4,-2
                  | (two-headed ogre; floor).
  7505 | D:10     | 7505 ||| INVOKING Finesse.
  7506 | D:10     | Killed a two-headed ogre
  7507 | D:10     | Reached skill level 9 in Dodging
  7733 | D:10     | 7733 ||| FLEEEEING.
  7739 | D:10     | 7739 ||| INVOKING Finesse.
  7756 | D:10     | Noticed Josephine
  7777 | D:10     | 7777 ||| INVOKING Heroism.
  7801 | D:10     | Killed Josephine
  7801 | D:10     | Received a gift from Okawaru
  8035 | D:10     | Noticed a deep elf pyromancer
  8036 | D:10     | 8036 ||| INVOKING Finesse.
  8046 | D:10     | Killed a deep elf pyromancer
  8207 | D:10     | 8207 ||| READING 2 scrolls of identify.
  8207 | D:10     | 8207 ||| IDENTIFYING lumpy red potion
  8208 | D:10     | 8208 ||| READING scroll of identify.
  8208 | D:10     | 8208 ||| IDENTIFYING fuming yellow potion
  8209 | D:10     | 8209 ||| DRINKING 2 silvery potions.
  8210 | D:10     | 8210 ||| DROPPING potion of lignification.
  8211 | D:10     | 8211 ||| DROPPING potion of brilliance.
  8297 | D:11     | Noticed Nergalle
  8298 | D:11     | 8298 ||| INVOKING Finesse.
  8299 | D:11     | 8299 ||| INVOKING Finesse.
  8319 | D:11     | Noticed a spectral orc warlord
  8319 | D:11     | 8319 ||| STAIRDANCE
  8322 | D:10     | Killed Nergalle
  8323 | D:10     | Reached XP level 12. HP: 50/85 MP: 0/0
  8439 | D:11     | Found a staircase to the Lair.
  8450 | D:11     | 8450 ||| FLEEEEING.
  8565 | D:11     | 8565 ||| FLEEEEING.
  8583 | D:11     | 8583 ||| FLEEEEING.
  8610 | D:11     | 8610 ||| FLEEEEING.
  8722 | D:11     | 8722 ||| FLEEEEING.
  8838 | D:11     | 8838 ||| FLEEEEING.
  8950 | D:11     | 8950 ||| FLEEEEING.
  9069 | D:11     | 9069 ||| FLEEEEING.
  9107 | D:11     | Reached skill level 9 in Invocations
  9137 | D:11     | Noticed a boulder beetle
  9138 | D:11     | 9138 ||| RETREEEEATING.
  9140 | D:11     | 9140 ||| RETREEEEATING.
  9142 | D:11     | 9142 ||| RETREEEEATING.
  9143 | D:11     | 9143 ||| INVOKING Finesse.
  9210 | D:11     | Killed a boulder beetle
  9305 | D:11     | Noticed a two-headed ogre
  9306 | D:11     | 9306 ||| INVOKING Finesse.
  9316 | D:11     | Killed a two-headed ogre
  9787 | D:11     | 9787 ||| PLANNING LAIR
  9787 | D:11     | 9787 ||| READING scroll of identify.
  9787 | D:11     | 9787 ||| IDENTIFYING gluggy blue potion
  9788 | D:11     | 9788 ||| DROPPING potion of invisibility.
  9824 | Lair:1   | Entered Level 1 of the Lair of Beasts
  9832 | Lair:1   | 9832 ||| RETREEEEATING.
  9834 | Lair:1   | 9834 ||| RETREEEEATING.
  9838 | Lair:1   | 9838 ||| RETREEEEATING.
  9875 | Lair:1   | Noticed Amaemon
  9876 | Lair:1   | 9876 ||| INVOKING Finesse.
  9895 | Lair:1   | Killed Amaemon
 10023 | Lair:1   | Received a gift from Okawaru
 10303 | Lair:1   | 10303 ||| RETREEEEATING.
 10304 | Lair:1   | 10304 ||| RETREEEEATING.
 10307 | Lair:1   | 10307 ||| RETREEEEATING.
 10308 | Lair:1   | 10308 ||| RETREEEEATING.
 10328 | Lair:1   | Reached skill level 9 in Fighting
 10370 | Lair:1   | 10370 ||| RETREEEEATING.
 10371 | Lair:1   | 10371 ||| RETREEEEATING.
 10373 | Lair:1   | 10373 ||| RETREEEEATING.
 10379 | Lair:1   | 10379 ||| RETREEEEATING.
 10381 | Lair:1   | 10381 ||| RETREEEEATING.
 10382 | Lair:1   | 10382 ||| RETREEEEATING.
 10391 | Lair:1   | Reached XP level 13. HP: 90/94 MP: 0/0
 10391 | Lair:1   | Learned a level 5 spell: Fireball
 10519 | Lair:1   | Received a gift from Okawaru
 10548 | Lair:1   | 10548 ||| READING scroll of enchant armour.
 10548 | Lair:1   | 10548 ||| ENCHANTING +0 cloak.
 10618 | Lair:1   | 10618 ||| READING scroll of enchant armour.
 10618 | Lair:1   | 10618 ||| ENCHANTING +1 cloak.
 10808 | Lair:1   | 10808 ||| READING scroll labelled VEYNWI RECI.
 10947 | Lair:2   | 10947 ||| STAIRDANCE
 10954 | Lair:2   | 10954 ||| STAIRDANCE
 11033 | Lair:2   | 11033 ||| INVOKING Finesse.
 11034 | Lair:2   | 11034 ||| INVOKING Heroism.
 11085 | Lair:2   | 11085 ||| RETREEEEATING.
 11090 | Lair:2   | 11090 ||| RETREEEEATING.
 11091 | Lair:2   | 11091 ||| RETREEEEATING.
 11092 | Lair:2   | 11092 ||| RETREEEEATING.
 11101 | Lair:2   | 11101 ||| RETREEEEATING.
 11152 | Lair:2   | Found a staircase to the Shoals.
 11160 | Lair:2   | Reached skill level 12 in Ranged Weapons
 11520 | Lair:2   | 11520 ||| FLEEEEING.
 12299 | Lair:2   | 12299 ||| READING scroll labelled IMMO LUANO.
 12300 | Lair:2   | 12300 ||| READING scroll labelled YROUNI JIHEI.
 12333 | Lair:3   | Noticed an eight-headed hydra
 12334 | Lair:3   | 12334 ||| INVOKING Finesse.
 12342 | Lair:3   | Killed an eight-headed hydra
 12541 | Lair:3   | Noticed a catoblepas
 12566 | Lair:3   | Noticed qw's ghost (journeyman GrHu)
 12632 | Lair:3   | 12632 ||| RETREEEEATING.
 12633 | Lair:3   | 12633 ||| RETREEEEATING.
 12634 | Lair:3   | 12634 ||| RETREEEEATING.
 12635 | Lair:3   | 12635 ||| RETREEEEATING.
 12636 | Lair:3   | 12636 ||| RETREEEEATING.
 12638 | Lair:3   | 12638 ||| RETREEEEATING.
 12639 | Lair:3   | 12639 ||| RETREEEEATING.
 12640 | Lair:3   | 12640 ||| RETREEEEATING.
 12641 | Lair:3   | 12641 ||| RETREEEEATING.
 12642 | Lair:3   | 12642 ||| RETREEEEATING.
 12647 | Lair:3   | 12647 ||| RETREEEEATING.
 12648 | Lair:3   | 12648 ||| RETREEEEATING.
 12658 | Lair:3   | 12658 ||| RETREEEEATING.
 12659 | Lair:3   | 12659 ||| RETREEEEATING.
 12660 | Lair:3   | 12660 ||| RETREEEEATING.
 12661 | Lair:3   | 12661 ||| RETREEEEATING.
 12662 | Lair:3   | 12662 ||| RETREEEEATING.
 12892 | Lair:3   | Found a staircase to the Snake Pit.
 12906 | Lair:3   | Received a gift from Okawaru
 13112 | Lair:3   | Found a transporter.
 13124 | Lair:3   | 13124 ||| RETREEEEATING.
 13322 | Lair:3   | Found a transporter.
 13349 | Lair:3   | 13349 ||| RETREEEEATING.
 13350 | Lair:3   | 13350 ||| RETREEEEATING.
 13351 | Lair:3   | 13351 ||| RETREEEEATING.
 13352 | Lair:3   | 13352 ||| RETREEEEATING.
 13353 | Lair:3   | 13353 ||| RETREEEEATING.
 13354 | Lair:3   | 13354 ||| RETREEEEATING.
 13355 | Lair:3   | 13355 ||| RETREEEEATING.
 13356 | Lair:3   | 13356 ||| RETREEEEATING.
 13357 | Lair:3   | 13357 ||| RETREEEEATING.
 13358 | Lair:3   | 13358 ||| INVOKING Finesse.
 13609 | Lair:3   | 13609 ||| READING 2 scrolls of identify.
 13609 | Lair:3   | 13609 ||| IDENTIFYING golden potion
 13690 | Lair:4   | Found a dark tunnel.
 13699 | Lair:4   | 13699 ||| RETREEEEATING.
 13887 | Lair:4   | 13887 ||| INVOKING Finesse.
 13950 | Lair:4   | Received a gift from Okawaru
 13955 | Lair:4   | Reached XP level 14. HP: 99/103 MP: 0/0
 14159 | Lair:4   | Found a staircase to the Slime Pits.
 14187 | Lair:4   | Found a transporter.
 14239 | Lair:4   | Noticed qw's ghost (journeyman GrHu)
 14304 | Lair:4   | Reached skill level 12 in Dodging
 14553 | Lair:4   | Found a transporter.
 14632 | Lair:5   | Entered Level 5 of the Lair of Beasts
 14633 | Lair:5   | 14633 ||| RETREEEEATING.
 14634 | Lair:5   | 14634 ||| RETREEEEATING.
 14635 | Lair:5   | 14635 ||| RETREEEEATING.
 14639 | Lair:5   | 14639 ||| RETREEEEATING.
 15104 | Lair:5   | Received a gift from Okawaru
 15204 | Lair:5   | Noticed Rupert
 15205 | Lair:5   | 15205 ||| INVOKING Finesse.
 15226 | Lair:5   | Killed Rupert
 15308 | Lair:5   | 15308 ||| RETREEEEATING.
 15309 | Lair:5   | 15309 ||| RETREEEEATING.
 15314 | Lair:5   | 15314 ||| RETREEEEATING.
 15324 | Lair:5   | 15324 ||| RETREEEEATING.
 15325 | Lair:5   | 15325 ||| RETREEEEATING.
 15326 | Lair:5   | 15326 ||| RETREEEEATING.
 15437 | Lair:5   | 15437 ||| RETREEEEATING.
 15481 | Lair:5   | 15481 ||| RETREEEEATING.
 15482 | Lair:5   | 15482 ||| RETREEEEATING.
 15483 | Lair:5   | 15483 ||| RETREEEEATING.
 15484 | Lair:5   | 15484 ||| RETREEEEATING.
 15486 | Lair:5   | 15486 ||| RETREEEEATING.
 15489 | Lair:5   | 15489 ||| RETREEEEATING.
 15490 | Lair:5   | 15490 ||| RETREEEEATING.
 15491 | Lair:5   | 15491 ||| RETREEEEATING.
 15492 | Lair:5   | 15492 ||| RETREEEEATING.
 15493 | Lair:5   | 15493 ||| RETREEEEATING.
 15494 | Lair:5   | 15494 ||| RETREEEEATING.
 15495 | Lair:5   | 15495 ||| RETREEEEATING.
 15498 | Lair:5   | 15498 ||| RETREEEEATING.
 15499 | Lair:5   | 15499 ||| RETREEEEATING.
 15527 | Lair:5   | 15527 ||| DRINKING 5 potions of cancellation.
 15591 | Lair:5   | Received a gift from Okawaru
 15638 | Lair:5   | 15638 ||| DRINKING 4 potions of cancellation.
 15797 | Lair:5   | 15797 ||| RETREEEEATING.
 15798 | Lair:5   | 15798 ||| RETREEEEATING.
 15802 | Lair:5   | 15802 ||| RETREEEEATING.
 15803 | Lair:5   | 15803 ||| RETREEEEATING.
 15804 | Lair:5   | 15804 ||| RETREEEEATING.
 15805 | Lair:5   | 15805 ||| RETREEEEATING.
 15806 | Lair:5   | 15806 ||| RETREEEEATING.
 15808 | Lair:5   | 15808 ||| ZAPPING wand of quicksilver (1) at -1,2
                  | (thrashing horror; floor).
 15809 | Lair:5   | 15809 ||| INVOKING Finesse.
 16092 | Lair:5   | Found a corrupted altar of Lugonu.
 16092 | Lair:5   | Found a one-way gate to the infinite horrors of the Abyss.
 16100 | Lair:5   | Identified the ring "Cusoch" {rN+ Will+ Int+2 SInv}
 16363 | Lair:5   | Identified the ring "Nefeskin" {Wiz rPois Stlth+}
 16409 | Lair:5   | 16409 ||| PLANNING D
 16409 | Lair:5   | 16409 ||| DROPPING ring of see invisible.
 16410 | Lair:5   | 16410 ||| UPGRADING to ring "Cusoch" {rN+ Will+ Int+2
                  | SInv}.
 16412 | Lair:5   | 16412 ||| SWAPPING to +1 orcbow.
 16413 | Lair:5   | 16413 ||| READING scroll of enchant weapon.
 16413 | Lair:5   | 16413 ||| ENCHANTING +1 orcbow.
 16414 | Lair:5   | 16414 ||| DROPPING +3 shortbow of Hard Scrabble {speed,
                  | *Corrode Int+8 SInv}.
 16415 | Lair:5   | 16415 ||| DROPPING ring of positive energy.
 16515 | D:12     | 16515 ||| RETREEEEATING.
 16518 | D:12     | 16518 ||| RETREEEEATING.
 16519 | D:12     | 16519 ||| RETREEEEATING.
 16523 | D:12     | Reached XP level 15. HP: 110/110 MP: 0/0
 16523 | D:12     | Learned a level 6 spell: Death Channel
 16687 | D:12     | 16687 ||| RETREEEEATING.
 16688 | D:12     | 16688 ||| RETREEEEATING.
 16689 | D:12     | 16689 ||| RETREEEEATING.
 16690 | D:12     | 16690 ||| RETREEEEATING.
 16691 | D:12     | 16691 ||| RETREEEEATING.
 16692 | D:12     | 16692 ||| RETREEEEATING.
 16693 | D:12     | 16693 ||| RETREEEEATING.
 16694 | D:12     | 16694 ||| RETREEEEATING.
 16695 | D:12     | 16695 ||| RETREEEEATING.
 16696 | D:12     | 16696 ||| RETREEEEATING.
 16700 | D:12     | Reached ****** piety under Okawaru
 16777 | D:12     | 16777 ||| INVOKING Receive Weapon.
 16777 | D:12     | 16777 ||| ACQUIRING +1 longbow of electrocution
 16777 | D:12     | Acquired a +1 longbow of electrocution
 16777 | D:12     | Received a gift from Okawaru
 16778 | D:12     | 16778 ||| INVOKING Receive Armour.
 16778 | D:12     | 16778 ||| ACQUIRING +0 pair of fencer's gloves {Riposte
                  | Dex+3}
 16778 | D:12     | Acquired the +0 pair of fencer's gloves {Riposte Dex+3}
 16778 | D:12     | Received a gift from Okawaru
 16778 | D:12     | Found the +0 pair of fencer's gloves {Riposte Dex+3}
 16780 | D:12     | 16780 ||| SWAPPING to +1 longbow of electrocution.
 16781 | D:12     | 16781 ||| DROPPING +2 orcbow.
 17300 | D:12     | 17300 ||| UPGRADING to +0 pair of fencer's gloves {Riposte
                  | Dex+3}.
 17310 | D:12     | 17310 ||| DROPPING +2 pair of gloves of strength.
 17311 | D:12     | 17311 ||| READING 4 scrolls of identify.
 17311 | D:12     | 17311 ||| IDENTIFYING fizzy red potion
 17312 | D:12     | 17312 ||| DROPPING potion of magic.
 17335 | D:13     | 17335 ||| STAIRDANCE
 17401 | D:13     | You are sucked into a shaft and drop 1 floor!
 17417 | D:14     | 17417 ||| RETREEEEATING.
 17419 | D:14     | 17419 ||| RETREEEEATING.
 17440 | D:14     | 17440 ||| READING 6 scrolls of teleportation.
 17599 | D:13     | 17599 ||| FLEEEEING.
 17600 | D:13     | 17600 ||| FLEEEEING.
 17601 | D:13     | 17601 ||| FLEEEEING.
 17602 | D:13     | 17602 ||| FLEEEEING.
 17603 | D:13     | 17603 ||| FLEEEEING.
 17604 | D:13     | 17604 ||| FLEEEEING.
 17607 | D:13     | 17607 ||| INVOKING Finesse.
 17620 | D:13     | Received a gift from Okawaru
 17651 | D:13     | Reached skill level 15 in Ranged Weapons
 17788 | D:13     | Found a gate to the Vaults.
 17967 | D:14     | 17967 ||| RETREEEEATING.
 17970 | D:14     | Noticed Lodul
 17971 | D:14     | 17971 ||| INVOKING Finesse.
 17993 | D:14     | Killed Lodul
 17993 | D:14     | Received a gift from Okawaru
 18173 | D:14     | 18173 ||| RETREEEEATING.
 18177 | D:14     | 18177 ||| RETREEEEATING.
 18425 | D:14     | Reached skill level 15 in Dodging
 18575 | D:14     | Noticed Snorg
 18582 | D:14     | Killed Snorg
 18589 | D:14     | 18589 ||| UPGRADING to amulet of faith.
 18594 | D:14     | 18594 ||| DROPPING ring of ice.
 18633 | D:15     | Entered Level 15 of the Dungeon
 18641 | D:15     | Noticed Agnes
 18642 | D:15     | 18642 ||| INVOKING Finesse.
 18649 | D:15     | Killed Agnes
 18964 | D:15     | Received a gift from Okawaru
 19047 | D:15     | Found a staircase to the Depths.
 19055 | D:15     | 19055 ||| RETREEEEATING.
 19056 | D:15     | 19056 ||| RETREEEEATING.
 19057 | D:15     | 19057 ||| RETREEEEATING.
 19058 | D:15     | 19058 ||| RETREEEEATING.
 19059 | D:15     | 19059 ||| RETREEEEATING.
 19074 | D:15     | Reached skill level 12 in Fighting
 19148 | D:15     | Reached XP level 16. HP: 107/118 MP: 0/0
 19256 | D:15     | 19256 ||| STAIRDANCE
 19288 | D:14     | 19288 ||| READING 6 scrolls of identify.
 19288 | D:14     | 19288 ||| IDENTIFYING grey potion
 19289 | D:14     | 19289 ||| DROPPING potion of attraction.
 19555 | D:15     | Received a gift from Okawaru
 19716 | D:15     | 19716 ||| PLANNING ORC
 19814 | Orc:1    | Entered Level 1 of the Orcish Mines
 19835 | Orc:1    | Found Caelubam's Antique Weapon Shoppe.
 19856 | Orc:1    | 19856 ||| FLEEEEING.
 19857 | Orc:1    | 19857 ||| FLEEEEING.
 19858 | Orc:1    | 19858 ||| FLEEEEING.
 19859 | Orc:1    | 19859 ||| FLEEEEING.
 19860 | Orc:1    | 19860 ||| FLEEEEING.
 19861 | Orc:1    | 19861 ||| FLEEEEING.
 19862 | Orc:1    | 19862 ||| FLEEEEING.
 19863 | Orc:1    | 19863 ||| FLEEEEING.
 19864 | Orc:1    | 19864 ||| FLEEEEING.
 19865 | Orc:1    | 19865 ||| FLEEEEING.
 19928 | Orc:1    | Found Jator's Antique Weapon Shop.
 20229 | Orc:1    | Found Wisoites's Antique Weapon Boutique.
 20258 | Orc:1    | Found a transporter.
 20427 | Orc:2    | Entered Level 2 of the Orcish Mines
 20478 | Orc:2    | Found a staircase to the Elven Halls.
 20630 | Orc:2    | 20630 ||| RETREEEEATING.
 20632 | Orc:2    | 20632 ||| RETREEEEATING.
 20658 | Orc:2    | 20658 ||| FLEEEEING.
 20663 | Orc:2    | 20663 ||| FLEEEEING.
 20664 | Orc:2    | 20664 ||| FLEEEEING.
 20666 | Orc:2    | 20666 ||| FLEEEEING.
 20674 | Orc:2    | 20674 ||| FLEEEEING.
 20696 | Orc:2    | 20696 ||| RETREEEEATING.
 20699 | Orc:2    | 20699 ||| RETREEEEATING.
 20742 | Orc:2    | Received a gift from Okawaru
 20746 | Orc:2    | 20746 ||| RETREEEEATING.
 20775 | Orc:2    | Found Besal's Magic Scroll Emporium.
 20775 | Orc:2    | Found Roubyapn's Armour Shoppe.
 20782 | Orc:2    | 20782 ||| BUYING scroll of identify (26 gold).
 20782 | Orc:2    | Bought a scroll of identify for 26 gold pieces
 20782 | Orc:2    | 20782 ||| BUYING scroll of identify (26 gold).
 20782 | Orc:2    | Bought a scroll of identify for 26 gold pieces
 20782 | Orc:2    | 20782 ||| BUYING scroll of teleportation (39 gold).
 20782 | Orc:2    | Bought a scroll of teleportation for 39 gold pieces
 20782 | Orc:2    | 20782 ||| BUYING scroll of teleportation (39 gold).
 20782 | Orc:2    | Bought a scroll of teleportation for 39 gold pieces
 20782 | Orc:2    | 20782 ||| BUYING scroll of teleportation (39 gold).
 20782 | Orc:2    | Bought a scroll of teleportation for 39 gold pieces
 20782 | Orc:2    | 20782 ||| BUYING scroll of teleportation (39 gold).
 20782 | Orc:2    | Bought a scroll of teleportation for 39 gold pieces
 21000 | Orc:2    | 21000 ||| RETREEEEATING.
 21001 | Orc:2    | 21001 ||| RETREEEEATING.
 21002 | Orc:2    | 21002 ||| RETREEEEATING.
 21003 | Orc:2    | 21003 ||| RETREEEEATING.
 21004 | Orc:2    | 21004 ||| RETREEEEATING.
 21005 | Orc:2    | 21005 ||| RETREEEEATING.
 21006 | Orc:2    | 21006 ||| INVOKING Finesse.
 21074 | Orc:2    | Found Vigazav's Armour Shoppe.
 21075 | Orc:2    | 21075 ||| RETREEEEATING.
 21076 | Orc:2    | 21076 ||| RETREEEEATING.
 21079 | Orc:2    | 21079 ||| RETREEEEATING.
 21080 | Orc:2    | 21080 ||| RETREEEEATING.
 21086 | Orc:2    | 21086 ||| INVOKING Finesse.
 21307 | Orc:2    | 21307 ||| PLANNING SNAKE:1-3
 21419 | Snake:1  | Entered Level 1 of the Snake Pit
 21637 | Snake:1  | 21637 ||| RETREEEEATING.
 21638 | Snake:1  | 21638 ||| RETREEEEATING.
 21644 | Snake:1  | 21644 ||| INVOKING Finesse.
 21652 | Snake:1  | Received a gift from Okawaru
 21774 | Snake:1  | Identified the +0 helmet of the Fiend {Regen+ rCorr Str+3
                  | Slay+3}
 22074 | Snake:1  | Found the +8 orange crystal plate armour {Archmagi, Int+3
                  | Clar}
 22123 | Snake:1  | 22123 ||| UPGRADING to +0 helmet of the Fiend {Regen+ rCorr
                  | Str+3 Slay+3}.
 22133 | Snake:1  | 22133 ||| DROPPING +2 helmet.
 22134 | Snake:1  | 22134 ||| DROPPING +6 ring of intelligence.
 22186 | Snake:2  | Noticed a nagaraja
 22187 | Snake:2  | 22187 ||| INVOKING Finesse.
 22195 | Snake:2  | Killed a nagaraja
 22655 | Snake:2  | Found Zacuv's Antique Weapon Emporium.
 22764 | Snake:2  | Reached XP level 17. HP: 123/123 MP: 0/0
 22764 | Snake:2  | Learned a level 6 spell: Dispersal
 23010 | Snake:2  | 23010 ||| UPGRADING to +0 cloak of poison resistance.
 23020 | Snake:2  | 23020 ||| READING scroll of enchant armour.
 23020 | Snake:2  | 23020 ||| ENCHANTING +0 cloak of poison resistance.
 23065 | Snake:3  | Received a gift from Okawaru
 23192 | Snake:3  | 23192 ||| FLEEEEING.
 23193 | Snake:3  | 23193 ||| FLEEEEING.
 23195 | Snake:3  | 23195 ||| FLEEEEING.
 23269 | Snake:3  | Found Kiplaycy's Antique Armour Emporium.
 23279 | Snake:3  | 23279 ||| BUYING embroidered scarf (296 gold).
 23279 | Snake:3  | Bought an embroidered scarf for 296 gold pieces
 23340 | Snake:3  | 23340 ||| RETREEEEATING.
 23421 | Snake:3  | 23421 ||| READING scroll of acquirement.
 23421 | Snake:3  | 23421 ||| ACQUIRING +4 ring of protection
 23421 | Snake:3  | Acquired a +4 ring of protection
 23423 | Snake:3  | 23423 ||| DROPPING ring of protection from cold.
 23441 | Snake:3  | HP: 26/125 [shock serpent (10)]
 23442 | Snake:3  | 23442 ||| READING 11 scrolls of teleportation.
 23442 | Snake:3  | HP: 4/125 [shock serpent/bolt of electricity (24)]
 23443 | Snake:3  | 23443 ||| DRINKING 3 potions of heal wounds.
 23444 | Snake:3  | 23444 ||| DRINKING 2 potions of heal wounds.
 23616 | Snake:3  | Received a gift from Okawaru
 23726 | Snake:3  | 23726 ||| PLANNING SHOALS:1-3
 23726 | Snake:3  | 23726 ||| DROPPING scarf of invisibility.
 23727 | Snake:3  | 23727 ||| DROPPING ring of resist corrosion.
 23845 | Shoals:1 | Entered Level 1 of the Shoals
 23918 | Shoals:1 | Found Laefoem's Jewellery Shop.
 23927 | Shoals:1 | 23927 ||| BUYING ring "Fodus" {+Blink rC- rN++ Will+
                  | Slay+5} (1016 gold).
 23927 | Shoals:1 | Bought the ring "Fodus" {+Blink rC- rN++ Will+ Slay+5} for
                  | 1016 gold pieces
 23927 | Shoals:1 | 23927 ||| BUYING ring of Gaily {rF- rC++ rN+ rCorr SInv}
                  | (756 gold).
 23927 | Shoals:1 | Bought the ring of Gaily {rF- rC++ rN+ rCorr SInv} for 756
                  | gold pieces
 23927 | Shoals:1 | 23927 ||| BUYING ring of Greed {+Blink rElec rN+ Str-3
                  | Dex+6} (878 gold).
 23927 | Shoals:1 | Bought the ring of Greed {+Blink rElec rN+ Str-3 Dex+6} for
                  | 878 gold pieces
 23927 | Shoals:1 | 23927 ||| SHOPLISTING ring of the Cuttlefish {+Blink Dex+6}
                  | (800 gold, have 310).
 23942 | Shoals:1 | 23942 ||| FLEEEEING.
 23943 | Shoals:1 | 23943 ||| FLEEEEING.
 24295 | Shoals:1 | Identified the +0 scale mail of the Ditch-Digger {*Corrode
                  | rElec Int-5 Dex+8}
 24538 | Shoals:1 | 24538 ||| DROPPING scarf of harm.
 24539 | Shoals:1 | 24539 ||| UPGRADING to ring "Fodus" {+Blink rC- rN++ Will+
                  | Slay+5}.
 24541 | Shoals:1 | 24541 ||| DROPPING +4 ring of protection.
 24542 | Shoals:1 | 24542 ||| DROPPING ring "Nefeskin" {Wiz rPois Stlth+}.
 24543 | Shoals:1 | 24543 ||| UPGRADING to ring of Greed {+Blink rElec rN+
                  | Str-3 Dex+6}.
 24545 | Shoals:1 | 24545 ||| UPGRADING to +6 ring of dexterity.
 24547 | Shoals:1 | 24547 ||| UPGRADING to ring "Fodus" {+Blink rC- rN++ Will+
                  | Slay+5}.
 24549 | Shoals:1 | 24549 ||| DROPPING ring "Cusoch" {rN+ Will+ Int+2 SInv}.
 24572 | Shoals:2 | 24572 ||| STAIRDANCE
 24862 | Shoals:2 | Reached skill level 6 in Armour
 24913 | Shoals:2 | Received a gift from Okawaru
 25087 | Shoals:2 | Identified the +5 flail of Kadelef {drain, +Blink Will-
                  | Int+3 Dex+2}
 25235 | Shoals:2 | 25235 ||| READING scroll of enchant armour.
 25235 | Shoals:2 | 25235 ||| ENCHANTING +1 cloak of poison resistance.
 25432 | Shoals:2 | 25432 ||| DROPPING +2 cloak.
 25784 | Shoals:3 | Received a gift from Okawaru
 25834 | Shoals:3 | 25834 ||| RETREEEEATING.
 25871 | Shoals:3 | Noticed Ilsuiw
 25876 | Shoals:3 | 25876 ||| RETREEEEATING.
 25877 | Shoals:3 | 25877 ||| RETREEEEATING.
 25879 | Shoals:3 | 25879 ||| RETREEEEATING.
 25881 | Shoals:3 | 25881 ||| RETREEEEATING.
 25882 | Shoals:3 | 25882 ||| RETREEEEATING.
 25883 | Shoals:3 | 25883 ||| RETREEEEATING.
 25884 | Shoals:3 | 25884 ||| RETREEEEATING.
 25915 | Shoals:3 | Killed Ilsuiw
 25916 | Shoals:3 | Reached XP level 18. HP: 112/132 MP: 0/0
 26319 | Shoals:3 | 26319 ||| PLANNING SNAKE:4
 26319 | Shoals:3 | 26319 ||| DROPPING wand of mindburst (6).
 26466 | Snake:4  | Entered Level 4 of the Snake Pit
 26467 | Snake:4  | 26467 ||| PLANNING BAZAAR
 26523 | Snake:4  | Found a flickering gateway to a bazaar.
 26535 | Snake:4  | Reached skill level 18 in Ranged Weapons
 26542 | Bazaar   | Entered a bazaar
 26565 | Bazaar   | Found Qeiqenyo's Assorted Antiques.
 26576 | Bazaar   | 26576 ||| BUYING potion of might (144 gold).
 26576 | Bazaar   | Bought a potion of might for 144 gold pieces
 26608 | Bazaar   | Found Wupimn's Jewellery Shoppe.
 26672 | Bazaar   | Found Iriynium's Book Shoppe.
 26718 | Bazaar   | Found Zoew's Jewellery Shoppe.
 26726 | Bazaar   | 26726 ||| BUYING ring of protection from fire (250 gold).
 26726 | Bazaar   | Bought a ring of protection from fire for 250 gold pieces
 26772 | Snake:4  | 26772 ||| PLANNING SNAKE:4
 26799 | Snake:4  | Received a gift from Okawaru
 26801 | Snake:4  | 26801 ||| FLEEEEING.
 27120 | Snake:4  | 27120 ||| INVOKING Finesse.
 27228 | Snake:4  | 27228 ||| ZAPPING wand of quicksilver (3) at 3,7 (naga
                  | mage; floor).
 27230 | Snake:4  | 27230 ||| RETREEEEATING.
 27231 | Snake:4  | 27231 ||| RETREEEEATING.
 27233 | Snake:4  | 27233 ||| INVOKING Finesse.
 27246 | Snake:4  | Reached skill level 18 in Dodging
 27255 | Snake:4  | Identified the staff "Tiderph" {rElec Int+4 Air}
 27277 | Snake:4  | Received a gift from Okawaru
 27356 | Snake:4  | 27356 ||| RETREEEEATING.
 27383 | Snake:4  | 27383 ||| INVOKING Finesse.
 27509 | Snake:4  | 27509 ||| INVOKING Finesse.
 27520 | Snake:4  | Received a gift from Okawaru
 27572 | Snake:4  | 27572 ||| INVOKING Finesse.
 27626 | Snake:4  | 27626 ||| INVOKING Finesse.
 27691 | Snake:4  | Received a gift from Okawaru
 27725 | Snake:4  | 27725 ||| INVOKING Finesse.
 27735 | Snake:4  | Got a serpentine rune of Zot
 27840 | Snake:4  | Reached XP level 19. HP: 140/140 MP: 0/0
 27840 | Snake:4  | Learned a level 7 spell: Enfeeble
 28102 | Snake:4  | 28102 ||| INVOKING Finesse.
 28327 | Snake:4  | 28327 ||| PLANNING VAULTS:1-4
 28327 | Snake:4  | 28327 ||| DROPPING +5 ring of evasion.
 28504 | Vaults:1 | Entered Level 1 of the Vaults
 28505 | Vaults:1 | 28505 ||| STAIRDANCE
 28507 | D:13     | 28507 ||| RETREEEEATING.
 28508 | D:13     | 28508 ||| RETREEEEATING.
 28509 | D:13     | 28509 ||| RETREEEEATING.
 28510 | D:13     | 28510 ||| RETREEEEATING.
 28511 | D:13     | 28511 ||| RETREEEEATING.
 28519 | D:13     | Received a gift from Okawaru
 28533 | Vaults:1 | 28533 ||| RETREEEEATING.
 28534 | Vaults:1 | 28534 ||| RETREEEEATING.
 28535 | Vaults:1 | 28535 ||| RETREEEEATING.
 28538 | Vaults:1 | 28538 ||| INVOKING Finesse.
 28602 | Vaults:1 | 28602 ||| RETREEEEATING.
 28603 | Vaults:1 | 28603 ||| RETREEEEATING.
 28604 | Vaults:1 | 28604 ||| RETREEEEATING.
 28605 | Vaults:1 | 28605 ||| RETREEEEATING.
 28609 | Vaults:1 | 28609 ||| RETREEEEATING.
 28610 | Vaults:1 | 28610 ||| RETREEEEATING.
 28616 | Vaults:1 | 28616 ||| INVOKING Finesse.
 28641 | Vaults:1 | HP: 22/141 [ironbound thunderhulk/+0 dire flail (15)]
 28642 | Vaults:1 | 28642 ||| READING 14 scrolls of teleportation.
 28643 | Vaults:1 | 28643 ||| DRINKING potion of heal wounds.
 28645 | Vaults:1 | Slain by an ironbound thunderhulk

Levels and vault maps discovered:
D:1:      ebering_trefoil_3fold, layout_loops_cross, serial_shops, shop
D:2:      layout_rooms
D:3:      layout_basic, grunt_temple_overflow_lords_of_destruction,
          grunt_temple_overflow_gold_and_silver, nicolae_ashenzari_panopticon,
          shapermc_ecumenical_altar_mp_urbaneastern
D:4:      minmay_polygon_palace, layout_basic, gammafunk_ghost_smash,
          serial_shops, nicolae_shop_trees, moated_statue, minivault_23,
          st_stairs_7
D:5:      layout_cave_pools, dancing_weapons_uskayaw, kiku_gazebo_pond_becter,
          chequers_temple_overflow_statue_of_worship,
          minmay_temple_entry_statues, minmay_misc_feat_columns,
          grunt_ministairs_3, due_unseen_surprise
D:6:      nicolae_cairo_tiling_large_dashed, layout_rooms,
          gammafunk_ghost_necromancy, minmay_between
D:7:      layout_basic, lemuel_crystal_altar
D:8:      layout_loops_corners, grunt_qazlal_sundering,
          gammafunk_ghost_hydra_chop, uniq_maurice, uniq_grum, uniq_joseph
D:9:      layout_stronghold, nicolae_wu_jian_immortal_techniques,
          mainiacjoe_overflow_alcove_4
D:10:     layout_roguey, orc_0_dummy, lemuel_flame_loot_1, uniq_josephine
D:11:     layout_roguey, dpeg_oklobed_lair, uniq_nergalle
D:12:     layout_cave_pods
D:13:     layout_rooms, lightli_vaults_fourway_checkpoint
D:14:     layout_loops_ring, kennysheep_generic_room_4, uniq_snorg, uniq_lodul
D:15:     gammafunk_depths_entry_grave, layout_loops_corners,
          hangedman_decor_growths, drop_trap, grunt_ministairs_7, uniq_agnes
Lair:1:   layout_roguey, uniq_amaemon
Lair:2:   layout_layer_cave, minmay_shoals_entry_centaurs, serial_bayou_lake_a
Lair:3:   layout_layer_cave, alex1729_snake_entry_snake, nzn_ghost_randoct,
          minmay_holes
Lair:4:   layout_regular_city, slime_entry_1, gammafunk_ghost_berserking_beasts,
          nicolae_volcano_entry_two_sided, grunt_megastairs_5
Lair:5:   hellmonk_lair_end_abyssal_woods, layout_cave_pods, serial_rivers,
          chequers_serial_rivers_large_b, chequers_serial_rivers_micro_e,
          chequers_serial_rivers_large_a, chequers_serial_rivers_small_a,
          uniq_rupert
Shoals:1: layout_shoals, serial_shops, shop
Shoals:2: layout_shoals
Shoals:3: layout_shoals, uniq_ilsuiw
Snake:1:  layout_cave_pods
Snake:2:  layout_concentric_octagons, serial_shops, nicolae_shop_crystal,
          nicolae_letterblocks [nicolae_letter_subblock,
          nicolae_letter_subblock, nicolae_letter_subblock,
          nicolae_letter_subblock, nicolae_letter_subblock,
          nicolae_letter_subblock, nicolae_letter_subblock,
          nicolae_letter_subblock, nicolae_letter_subblock,
          nicolae_letter_subblock, nicolae_letter_subblock,
          nicolae_letter_subblock, nicolae_letter_subblock,
          nicolae_letter_subblock, nicolae_letter_subblock,
          nicolae_letter_subblock, nicolae_letter_subblock,
          nicolae_letter_subblock, nicolae_letter_subblock,
          nicolae_letter_subblock, nicolae_letter_subblock,
          nicolae_letter_subblock, nicolae_letter_subblock,
          nicolae_letter_subblock, nicolae_letter_subblock]
Snake:3:  layout_rooms, serial_shops, shop, serial_bayou_ford_a
Snake:4:  grunt_snake_rune_spirals, layout_onion, serial_shops, bzr_entry_dummy
Orc:1:    emtedronai_trogs_sanctum, layout_caves, serial_shops,
          nicolae_shop_advertising_works [nicolae_subvault_shop_adworks], shop,
          nicolae_lakefront_shop
Orc:2:    st_orc_town, layout_diamond_mine, nicolae_orc_quarried_blocks
Vaults:1: v_misc_10, nicolae_vaults_trapezoid_lopsided_1,
          nicolae_vaults_door_testing_chamber, nicolae_vaults_little_squares_5,
          v_misc_29, vaults_mumra_minichess, v_misc_5,
          nicolae_vaults_shelves_hall, nicolae_vaults_border_crossing,
          layout_vaults_big_room

Skill      XL: |  1  2  3  4  5  6  7  8  9 10 11 12 13 14 15 16 17 18 19 |
---------------+----------------------------------------------------------+-----
Ranged Weapons | 4 5 6 7 8 9 10 11 13 14 15 16 17 19 | 19.0
Fighting       | 3 4 5 6 7 9 10 11 12 13 14 | 14.4
Dodging        | 3 4 5 6 8 9 10 11 13 15 16 17 18 19 | 19.0
Armour         | 1 3 4 5 6 |  6.1
Invocations    | 2 4 5 8 10 | 10.0
Stealth        | |  0.7

Action                     |  1- 3 |  4- 6 |  7- 9 | 10-12 | 13-15 | 16-18 | 19-21 || total
---------------------------+-------+-------+-------+-------+-------+-------+-------++-------
   Fire: Shortbow          |    96 |   157 |   384 |   947 |  1264 |       |       ||  2848
         Orcbow            |       |       |       |       |    89 |       |       ||    89
         Longbow           |       |       |       |       |   373 |  1378 |   156 ||  1907
 Invoke: Heroism           |       |       |     1 |     3 |     1 |       |       ||     5
         Finesse           |       |       |       |     8 |     9 |    11 |     3 ||    31
         Receive Weapon    |       |       |       |       |     1 |       |       ||     1
         Receive Armour    |       |       |       |       |     1 |       |       ||     1
  Evoke: Wand              |       |     6 |       |     3 |     1 |     1 |       ||    11
    Use: Scroll            |     1 |     4 |     8 |     9 |     9 |     5 |     1 ||    37
         Potion            |       |     1 |     1 |     3 |     2 |     2 |     1 ||    10
 Armour: Leather armour    |    27 |    60 |   125 |   166 |   275 |   204 |    48 ||   905
  Dodge: Dodged            |    25 |    62 |   148 |   307 |   755 |   509 |   131 ||  1937

Table legend:
 A = Non-vault XP
 B = Vault XP
 C = Vault XP percentage of total XP
 D = Non-vault monster count
 E = Vault monster count
 F = Vault count percentage of total count
                 A         B        C        D         E       F
            +---------+---------+-------+---------+---------+-------
      Total |  190204 |  103210 |  35.2 |     683 |     240 |  26.0
            +---------+---------+-------+---------+---------+-------
        D:1 |      21 |       0 |   0.0 |      11 |       0 |   0.0
        D:2 |      87 |       0 |   0.0 |      22 |       0 |   0.0
        D:3 |      26 |      50 |  65.8 |       9 |       1 |  10.0
        D:4 |     694 |     231 |  25.0 |      26 |      17 |  39.5
        D:5 |     551 |      56 |   9.2 |      19 |       2 |   9.5
        D:6 |     415 |     226 |  35.3 |       9 |       3 |  25.0
        D:7 |    1624 |       0 |   0.0 |      23 |       0 |   0.0
        D:8 |    1270 |    1409 |  52.6 |      19 |       5 |  20.8
        D:9 |    2139 |       0 |   0.0 |      27 |       0 |   0.0
       D:10 |    4222 |    2713 |  39.1 |      24 |       7 |  22.6
       D:11 |    4201 |     565 |  11.9 |      21 |       1 |   4.5
       D:12 |    5961 |       0 |   0.0 |      21 |       0 |   0.0
       D:13 |    6782 |    5946 |  46.7 |      14 |      10 |  41.7
       D:14 |    8445 |    3410 |  28.8 |      20 |      11 |  35.5
       D:15 |    9214 |    6688 |  42.1 |      20 |       9 |  31.0
     Lair:1 |    7192 |    1199 |  14.3 |      28 |       2 |   6.7
     Lair:2 |    4336 |     345 |   7.4 |      20 |       3 |  13.0
     Lair:3 |    6123 |    1005 |  14.1 |      21 |       4 |  16.0
     Lair:4 |    5343 |    3330 |  38.4 |      20 |       9 |  31.0
     Lair:5 |    9617 |   13174 |  57.8 |      30 |      40 |  57.1
   Shoals:1 |    4351 |       0 |   0.0 |      10 |       0 |   0.0
   Shoals:2 |   20274 |       0 |   0.0 |      37 |       0 |   0.0
   Shoals:3 |    7446 |    3632 |  32.8 |      19 |       6 |  24.0
    Snake:1 |    4415 |       0 |   0.0 |      12 |       0 |   0.0
    Snake:2 |    9924 |       0 |   0.0 |      18 |       0 |   0.0
    Snake:3 |   15196 |       0 |   0.0 |      30 |       0 |   0.0
    Snake:4 |   37269 |   38426 |  50.8 |      75 |      45 |  37.5
      Orc:1 |    4835 |       0 |   0.0 |      39 |       0 |   0.0
      Orc:2 |    2576 |   16853 |  86.7 |      32 |      61 |  65.6
   Vaults:1 |    5655 |    3952 |  41.1 |       7 |       4 |  36.4
            +---------+---------+-------+---------+---------+-------
